Map: Deathaura LE

Players

WildCard - Winner!

  • Race: Zerg Zerg
  • League: Master
  • Spawn Location: 11:00

Roach

  • Race: Protoss Protoss
  • League: Master
  • Spawn Location: 5:00

VOD

Have the link to the VOD?

Description

Time

  • Played on: Jan. 14, 2021, 11:04 p.m.
  • Length: 3:55
Show
View Real Time Build Order
Export as new Build Order

WildCard Zerg - Winner!

Build Orders: Hatch First 

Get SALT Encoding   

  12  0:01  Drone  
  13  0:12  Overlord  
  13  0:17  Drone  
  14  0:30  Drone x2  
  16  0:48  Hatchery  
  15  0:51  Drone  
  15  0:54  Extractor  
  15  0:57  Drone  
  16  1:01  Drone  
  17  1:15  Spawning Pool  
  17  1:18  Drone  
  17  1:21  Drone  
  18  1:28  Drone  
  19  1:58  Burrow  
  19  2:02  Roach Warren  
  19  2:03  Zergling x2  
  19  2:04  Queen  
  19  2:06  Zergling x4  
  19  2:08  Zergling x2  
  24  2:18  Overlord  
  24  2:42  Roach  
  24  2:43  Roach x4  
  34  2:52  Roach  
  34  2:54  Overlord  
  36  3:08  Roach  
Show
View Real Time Build Order
Export as new Build Order

Roach Protoss 

Build Orders: Cannon Rush 

Get SALT Encoding   

  12  0:00  Probe  
  13  0:12  Probe  
  14  0:19  Pylon  
  14  0:24  Probe (Chrono Boost)  
  15  0:38  Forge, Probe (Chrono Boost)  
  16  0:44  Probe (Chrono Boost)  
  17  0:53  Probe  
  18  1:03  Pylon  
  18  1:14  Assimilator  
  18  1:23  Photon Cannon  
  18  1:26  Gateway  
  18  1:30  Probe (Chrono Boost)  
  19  1:33  Assimilator  
  19  1:42  Probe (Chrono Boost)  
  19  1:45  Photon Cannon  
  20  1:49  Probe (Chrono Boost)  
  21  1:57  Photon Cannon  
  21  1:58  Probe  
  22  2:03  Assimilator  
  22  2:14  Photon Cannon  
  22  2:23  Cybernetics Core  
  22  2:31  Probe (Chrono Boost)  
  23  2:43  Probe (Chrono Boost)  
  24  2:45  Photon Cannon  
  24  2:48  Probe (Chrono Boost)  
  25  3:01  Robotics Facility  
  25  3:08  Shield Battery  
  25  3:17  Shield Battery  
  25  3:20  Pylon  
Tags
 
Add a new tag
Caveats
  • Supply blocks, unpowered buildings, or Contaminate may cause inaccurate times.
  • Supply counts are checked every 10 seconds.